 Dungeon Crawl Stone Soup version 0.29.1-15-g9cfb28693d (webtiles) character file.

Game seed: 13635554685921158511

10135 TittyCrusher the Destroyer (level 11, -3/63 HPs)
             Began as an Octopode Conjurer on Apr 4, 2023.
             Was a Believer of Vehumet.
             Slain by a wyvern (19 damage)
             ... on level 9 of the Dungeon on Apr 12, 2023.
             The game lasted 00:50:18 (11241 turns).

TittyCrusher the Destroyer (Octopode Conjurer)     Turns: 11241, Time: 00:50:19

Health: -3/63      AC:  1    Str: 23    XL:     11   Next: 57%
Magic:  25/25      EV: 14    Int: 26    God:    Vehumet [**....]
Gold:   219        SH:  5    Dex: 10    Spells: 12/30 levels left

rFire   + + .      SeeInvis .   a - +11 rapier of Bloody Death {vorpal, rC++ rN++ Int+3}
rCold   + + .      Faith    .   E - +0 buckler
rNeg    + + .      Spirit   .   (helmet restricted)
rPois   +          Reflect  .   (no amulet)
rElec   +          Harm     .   d - +6 ring of strength
rCorr   +          Rampage  .   i - +6 ring of strength
Will    .....                   v - +4 ring of slaying
Stlth   +++.......              z - ring of the Equinox {rElec rF+}
HPRegen 0.20/turn               F - ring of protection from fire
MPRegen 0.19/turn               T - ring of resist corrosion
                                (no ring)
                                (no ring)

@: no status effects
A: almost no armour, amphibious, 8 rings, camouflage 1, gelatinous body 1,
(nimble swimmer 1), tentacles, poison resistance, strong 1
a: Renounce Religion


You were on level 9 of the Dungeon.
You worshipped Vehumet.
Vehumet was pleased with you.
You visited 2 branches of the dungeon, and saw 10 of its levels.

You collected 459 gold pieces.
You spent 240 gold pieces at shops.

Inventory:

Hand Weapons
 a - the +11 rapier of Bloody Death (weapon) {vorpal, rC++ rN++ Int+3}
   (You took it off Sigmund on level 3 of the Dungeon)

   It inflicts extra damage upon your enemies.
   Int:       It affects your intelligence (+3).
   rC:        It greatly protects you from cold.
   rN:        It greatly protects you from negative energy.
 t - the +2 war axe "Kampoar" {pain, rN+}
   (You took it off a hobgoblin on level 4 of the Dungeon)

   In the hands of one skilled in necromantic magic, it inflicts extra damage on
   living creatures.
   rN:        It protects you from negative energy.
 u - a +2 halberd of protection
 H - the +9 short sword "Geizuqo" {protect, rF++ rN+}
   (You found it on level 6 of the Dungeon)

   It grants its wielder temporary protection when it strikes (+7 to AC).
   rF:        It greatly protects you from fire.
   rN:        It protects you from negative energy.
Missiles
 b - 57 stones
 g - 4 atropa-tipped darts
 q - 21 poisoned darts
Armour
 E - a +0 buckler (worn)
Jewellery
 d - a +6 ring of strength (left tentacle)
 i - a +6 ring of strength (right tentacle)
 v - a +4 ring of slaying (on tentacle)
 z - the ring of the Equinox (on tentacle) {rElec rF+}
   (You found it on level 4 of the Dungeon)

   [ring of protection from fire]

   rF:        It protects you from fire.
   rElec:     It insulates you from electricity.
 F - a ring of protection from fire (on tentacle)
 J - a ring of poison resistance
 S - an amulet of guardian spirit
 T - a ring of resist corrosion (on tentacle)
Wands
 s - a wand of mindburst (14)
 C - a wand of iceblast (10)
 I - a wand of quicksilver (5)
 K - a wand of charming (9)
 L - a wand of flame (3)
 R - a wand of polymorph (9)
Scrolls
 f - a scroll of summoning
 j - a scroll of vulnerability
 l - 6 scrolls of teleportation
 m - 2 scrolls of poison
 x - 2 scrolls of immolation
 y - 2 scrolls of butterflies
 A - a scroll of silence
 D - 2 scrolls of blinking
 M - 2 scrolls of amnesia
Potions
 c - 2 potions of might
 e - 2 potions of magic
 h - a potion of cancellation
 k - 2 potions of heal wounds
 n - a potion of haste
 o - 4 potions of mutation
 p - 8 potions of curing
 r - a potion of attraction {unknown}
 w - 2 potions of flight
 B - a potion of ambrosia {unknown}
 G - a potion of resistance {unknown}
 O - a potion of berserk rage
 P - 2 potions of lignification
 Q - a potion of brilliance
Miscellaneous
 N - a lightning rod (4/4)


   Skills:
 + Level 1.0 Fighting
 - Level 7.3 Dodging
 - Level 2.6 Stealth
 - Level 5.0 Shields
 - Level 10.0 Spellcasting
 - Level 10.1 Conjurations
 - Level 4.4 Hexes
 - Level 3.7 Translocations
 - Level 3.0 Fire Magic


You had 12 spell levels left.
You knew the following spells:

 Your Spells              Type           Power      Damage    Failure   Level
a - Magic Dart            Conj           100%       1d8       1%          1
b - Searing Ray           Conj           100%       2d8       1%          2
c - Dazzling Flash        Conj/Hex       100%       N/A       1%          3
d - Fulminant Prism       Conj/Hex       25%        3d14      3%          4
e - Iskenderun's Mystic   Conj/Tloc      49%        2d11      3%          4
f - Sticky Flame          Conj/Fire      47%        2d6       4%          4

Your spell library contained the following spells:

 Spells                   Type           Power      Damage    Failure   Level
 Freeze                   Ice            52%        1d7       6%          1
 Static Discharge         Conj/Air       39%        3-8/arc   1%          2
 Poisonous Vapours        Pois/Air       26%        N/A       9%          2
 Sublimation of Blood     Necr           13%        N/A       9%          2
 Irradiate                Conj/Tmut      19%        3d18      21%         5
 Corpse Rot               Necr/Pois/Air  13%        N/A       50%         4
 Dispel Undead            Necr           13%        3d9       50%         4
 Petrify                  Tmut/Erth      13%        N/A       50%         4
 Metabolic Englaciation   Hex/Ice        12%        N/A       54%         5
 Statue Form              Tmut/Erth      8%         N/A       100%        6


Dungeon Overview and Level Annotations

Branches:
Dungeon (9/15)             Temple (1/1) D:6
   Lair: D:8-11         Orc: D:9-12

Altars:
Fedhas
Gozag
Kikubaaqudgha
Makhleb
Nemelex Xobeh
Okawaru
Vehumet
Zin

Annotations:
D:1 exclusion: downstairs
D:2 exclusion: downstairs
D:5 2 transporters, 2 runed translucent doors, exclusion: downstairs, safid's ghost, novice MfIE
D:8 exclusion: downstairs


Innate Abilities, Weirdness & Mutations

You cannot wear most types of armour.
You are amphibious.
You can wear up to eight rings at the same time.
Your skin changes colour to match your surroundings (Stealth+).
Your rubbery body absorbs attacks. (AC +1, EV +1)
((You are camouflaged when in or above water. (Stealth+)))
You have tentacles for arms and can constrict up to eight enemies at once.
Your system is resistant to poisons. (rPois)
Your muscles are strong. (Str +4, Int/Dex -1)


Message History

You completely miss the killer bee. Your grab misses the killer bee.
The killer bee is severely wounded.
The killer bee stings you. The killer bee stings you!
The killer bee barely misses you.
You closely miss the killer bee. Your grab misses the killer bee.
Your squeeze misses the killer bee.
The killer bee is severely wounded.
The killer bee stings you but does no damage.
The howler monkey hoots and howls with incredible vigour!
The killer bee closely misses you.
You hear an angry hiss.
You hear a howl!
You hear a shout!
You hear a bellow!
You hear a shout!
You hear a bellow! x3
You hit the killer bee.
You kill the killer bee!
Vehumet accepts your kill.
You feel your power returning. The howler monkey hits you.
You puncture the howler monkey! Your grab misses the howler monkey.
Your squeeze misses the howler monkey.
The howler monkey is almost dead.
The howler monkey hoots and howls with incredible vigour!
You hear an angry hiss. x2
You barely miss the howler monkey. You grab the howler monkey.
You squeeze the howler monkey.
You kill the howler monkey!
Vehumet accepts your kill.
Your Fighting skill increases to level 1!
You start resting.
A wyvern comes into view.
You hit the wyvern.
The wyvern is lightly wounded.
You block the wyvern's attack.
You closely miss the wyvern.
The wyvern is lightly wounded.
The wyvern bites you. The wyvern bites you!
* * * LOW HITPOINT WARNING * * *
Unknown command.
You closely miss the wyvern.
The wyvern is lightly wounded.
The wyvern bites you!!
You die...

.. .... .##.##.#......
#.### ##.# # #.##.#......
...######h#####.##...##...
#g.##..#.#..##..#....##..
#.##..#....##.....#.#...
#)###.#.#####..#.......#
#......#..y....#.......#
#.#####l#.###.....#.....
#.##...@#..##...[.....#.
..##..#.#..##.........#.
..######.#####รท.###....#.
### #.# ###.## #####.. ...
..#..####.#... #.#
#.#...##.....# #.#
#.#..##.....##
###.###.#....>....#
.............##.###


You could see a wyvern.

Vanquished Creatures
  A two-headed ogre (D:9)
  2 manticores (D:9)
  Joseph (D:7)
  An efreet (D:9)
  2 trolls (D:9)
  2 hornets (D:9)
  Sigmund (D:3)
  2 wyverns (D:9)
  A shadow (D:9)
  A basilisk (D:9)
  7 yaks (D:9)
  Eustachio (D:5)
  2 steam dragons (D:9)
  Menkaure (D:5)
  2 acid dragons
  2 water moccasins (D:9)
  5 orc warriors
  2 ice beasts (D:6)
  2 sky beasts
  2 black bears
  2 ogres
  8 centaurs
  4 kobold brigands
  3 bullfrogs
  A necrophage (D:8)
  3 gnoll sergeants
  A scorpion (D:4)
  16 wights
  6 killer bees
  6 howler monkeys
  A hound (D:6)
  2 gnoll boudas
  2 orc priests
  A jelly (D:7)
  Jessica (D:2)
  2 iguanas (D:6)
  Natasha (thrice) (D:3)
  3 orc wizards
  Robin (D:3)
  15 adders
  14 gnolls
  2 shadow imps (D:8)
  2 ufetubi
  2 worms
  A dart slug (D:2)
  25 orcs
  4 ball pythons
  8 endoplasms
  5 giant cockroaches
  14 goblins
  12 hobgoblins
  3 jackals (D:5)
  13 kobolds
  3 quokkas
  6 bats
  2 frilled lizards (D:2)
  2 rats (D:2)
239 creatures vanquished.

Vanquished Creatures (others)
  An orc (D:5)
  84 fulminant prisms
85 creatures vanquished.

Grand Total: 324 creatures vanquished

Notes
Turn   | Place    | Note
-------+----------+-------------------------------------------
     0 | D:1      | TittyCrusher the Octopode Conjurer began the quest for the
                  | Orb.
     0 | D:1      | Reached XP level 1. HP: 11/11 MP: 3/3
   214 | D:1      | Reached XP level 2. HP: 17/17 MP: 1/5
   217 | D:1      | Learned a level 2 spell: Searing Ray
   748 | D:1      | Found a faded altar of an unknown god.
   991 | D:2      | Reached XP level 3. HP: 20/21 MP: 2/7
  1161 | D:2      | Noticed Jessica
  1446 | D:2      | Reached XP level 4. HP: 27/27 MP: 6/10
  1450 | D:2      | Learned a level 3 spell: Dazzling Flash
  1455 | D:2      | Learned a level 4 spell: Fulminant Prism
  2064 | D:2      | Killed Jessica
  2065 | D:2      | Reached skill level 1 in Hexes
  2202 | D:3      | Noticed Natasha
  2204 | D:3      | Killed Natasha
  2205 | D:3      | Reached XP level 5. HP: 31/31 MP: 7/11
  2415 | D:3      | Noticed Robin
  2431 | D:3      | Noticed Natasha
  2442 | D:3      | Killed Natasha
  2621 | D:3      | Noticed Natasha
  2623 | D:3      | Killed Natasha
  2695 | D:3      | Reached XP level 6. HP: 36/36 MP: 6/12
  2742 | D:3      | Killed Robin
  2768 | D:3      | Reached skill level 5 in Conjurations
  2975 | D:3      | Identified the +11 rapier of Bloody Death {vorpal, rC++
                  | rN++ Int+3}
  2975 | D:3      | Noticed Sigmund
  2985 | D:3      | Killed Sigmund
  3156 | D:3      | Reached XP level 7. HP: 41/41 MP: 13/13
  3177 | D:3      | Found a glowing silver altar of Zin.
  3375 | D:3      | Found an iron altar of Okawaru.
  3742 | D:3      | Learned a level 4 spell: Iskenderun's Mystic Blast
  3866 | D:4      | Identified the +2 war axe "Kampoar" {pain, rN+}
  4282 | D:4      | Identified the +3 chain mail of the New World {rF- Str-3
                  | Dex+7 SInv}
  4457 | D:4      | Identified the ring of the Equinox {rElec rF+}
  4600 | D:5      | Entered Level 5 of the Dungeon
  4600 | D:5      | Found a transporter.
  4601 | D:5      | Found a transporter.
  4601 | D:5      | Noticed safid's ghost (novice MfIE)
  4689 | D:5      | Noticed Eustachio
  4700 | D:5      | Killed Eustachio
  5035 | D:5      | Reached XP level 8. HP: 46/46 MP: 5/14
  5360 | D:5      | Found a large runed translucent door.
  5361 | D:5      | Found a large runed translucent door.
  5415 | D:5      | Noticed Menkaure
  5421 | D:5      | Killed Menkaure
  6146 | D:6      | Reached skill level 5 in Shields
  6182 | D:6      | Identified the +9 short sword "Geizuqo" {protect, rF++ rN+}
  6209 | D:6      | Reached XP level 9. HP: 47/51 MP: 11/15
  7149 | D:6      | Found a staircase to the Ecumenical Temple.
  7155 | Temple   | Entered the Ecumenical Temple
  7164 | Temple   | Became a worshipper of Vehumet
  7405 | D:7      | Reached skill level 10 in Conjurations
  7856 | D:7      | Identified the +6 ring mail of Xom's Righteous Fury {Will+}
  7979 | D:7      | Noticed Joseph
  7993 | D:7      | Killed Joseph
  7994 | D:7      | Reached skill level 5 in Dodging
  7998 | D:7      | Found a burning altar of Makhleb.
  8492 | D:8      | Reached XP level 10. HP: 56/56 MP: 10/16
  8742 | D:8      | Reached * piety under Vehumet
  8742 | D:8      | Offered knowledge of Shock by Vehumet.
  8754 | D:7      | Learned a level 4 spell: Sticky Flame
  8921 | D:8      | Reached skill level 1 in Fire Magic
  9227 | D:8      | Found Kiesov's Distillery.
  9231 | D:8      | Bought a potion of curing for 30 gold pieces
  9231 | D:8      | Bought a potion of flight for 30 gold pieces
  9231 | D:8      | Bought a potion of berserk rage for 50 gold pieces
  9231 | D:8      | Bought a potion of curing for 30 gold pieces
  9231 | D:8      | Bought a potion of lignification for 30 gold pieces
  9231 | D:8      | Bought a potion of brilliance for 40 gold pieces
  9231 | D:8      | Bought a potion of lignification for 30 gold pieces
  9282 | D:8      | Found a blossoming altar of Fedhas.
  9383 | D:8      | Gained mutation: Your system is resistant to poisons.
                  | (rPois) [potion of mutation]
  9383 | D:8      | Gained mutation: Your muscles are strong. (Str +4, Int/Dex
                  | -1) [potion of mutation]
  9408 | D:9      | Reached skill level 1 in Translocations
  9713 | D:9      | Reached skill level 5 in Spellcasting
  9719 | D:9      | Noticed a two-headed ogre
  9727 | D:9      | Reached XP level 11. HP: 44/61 MP: 3/21
  9729 | D:9      | Killed a two-headed ogre
  9852 | D:9      | Noticed a manticore
  9862 | D:9      | Killed a manticore
  9862 | D:9      | Offered knowledge of Freeze by Vehumet.
  9928 | D:9      | Reached ** piety under Vehumet
 10421 | D:9      | Noticed a manticore
 10695 | D:9      | Killed a manticore
 11187 | D:9      | Reached skill level 10 in Spellcasting
 11236 | D:9      | Reached skill level 1 in Fighting
 11241 | D:9      | Slain by a wyvern

Illustrated notes

Levels and vault maps discovered:
D:1:      dpeg_arrival_castle, layout_loops_ring, ebering_ecumenical_altar_mist
D:2:      layout_basic, minmay_misc_feat_ornament, chequers_decorated_corner,
          kennysheep_jessica_study
D:3:      layout_basic, old_standard_altar, zin_statuary, uniq_natasha,
          uniq_sigmund, uniq_robin
D:4:      layout_basic
D:5:      layout_basic, jmf_multi_god_temple2, gammafunk_ghost_arena,
          uniq_eustachio, uniq_menkaure
D:6:      layout_basic, minmay_temple_entry_drinking_statues, minmay_checkerbox
D:7:      layout_loops_ring, lightli_temple_of_fire, uniq_joseph
D:8:      layout_rooms, fedhas_altar_4, serial_shops, nicolae_diamond_shop
D:9:      minmay_the_grid_3x3 [minmay_the_grid_minigrid_large,
          minmay_the_grid_medium_cups, minmay_the_grid_minigrid_small,
          minmay_the_grid_rooms, minmay_the_grid_tiny_cups,
          minmay_the_grid_expand, minmay_the_grid_dragon_b,
          minmay_the_grid_pillar_ring, minmay_the_grid_prize_inner_circle],
          layout_cave_pools, lightli_wizard_tower
Temple:   eino_temple_scatter_basement

Skill      XL: |  1  2  3  4  5  6  7  8  9 10 11 |
---------------+----------------------------------+-----
Spellcasting   | 3 4 7 10 | 10.0
Hexes          | 2 4 |  4.4
Conjurations   | 6 7 8 10 | 10.1
Shields        | 5 |  5.0
Dodging        | 6 7 |  7.3
Fire Magic     | 3 |  3.0
Translocations | 3 |  3.7
Fighting       | 1 |  1.0
Stealth        | |  2.6

Action                   |  1- 3 |  4- 6 |  7- 9 | 10-12 || total
-------------------------+-------+-------+-------+-------++-------
Melee: Short sword       |    25 |    20 |       |       ||    45
       Constrict         |     8 |     8 |    15 |    14 ||    45
       Tentacles         |     6 |       |    15 |    16 ||    37
       Punch             |       |     2 |     1 |     1 ||     4
       Rapier            |       |     9 |    73 |    74 ||   156
       Dagger            |       |     7 |       |       ||     7
 Cast: Magic Dart        |    45 |    49 |    42 |    26 ||   162
       Searing Ray       |     1 |     8 |     2 |     4 ||    15
       Fulminant Prism   |       |     2 |    35 |    47 ||    84
Evoke: Wand              |       |       |       |    19 ||    19
  Use: Scroll            |       |     5 |     7 |     3 ||    15
       Potion            |       |       |     1 |     4 ||     5
 Stab: Sleeping          |     2 |     1 |     3 |       ||     6
Armor: Skin              |     1 |     3 |     1 |     2 ||     7
Dodge: Dodged            |    18 |    20 |    29 |    50 ||   117
Block: Buckler           |       |       |     8 |    23 ||    31
